Map: Kairos Junction LE

Players

Has - Winner!

  • Race: Protoss Protoss
  • Spawn Location: 5:00

PSiArc

  • Race: Terran Terran
  • Spawn Location: 11:00

Event: 2019 WCS Winter Americas

VOD

Have the link to the VOD?

Description

Time

  • Played on: Feb. 10, 2019, 12:20 p.m.
  • Length: 9:11

All games in this series

Show
View Real Time Build Order
Export as new Build Order

Has Protoss - Winner!

Build Orders: 1 Gate Expand, Blink Stalkers 

Get SALT Encoding   

  12  0:00  Probe  
  13  0:13  Probe  
  14  0:19  Pylon  
  14  0:23  Probe  
  15  0:33  Probe  
  15  0:41  Probe, Gateway  
  17  0:52  Probe  
  17  0:54  Assimilator  
  18  1:00  Probe  
  18  1:08  Probe  
  20  1:30  Nexus  
  20  1:38  Cybernetics Core  
  20  1:41  Probe  
  21  1:48  Assimilator  
  21  1:53  Pylon  
  21  1:55  Probe  
  22  2:06  Stalker  
  22  2:08  Probe  
  23  2:16  Warp Gate  
  23  2:20  Probe  
  26  2:30  Twilight Council  
  26  2:33  Pylon  
  27  2:39  Blink  
  27  2:40  Probe  
  27  2:41  Stalker, Probe  
  30  2:52  Probe  
  30  2:53  Probe  
  32  3:03  Probe  
  32  3:05  Probe  
  34  3:12  Stalker  
  36  3:15  Probe  
  36  3:17  Probe  
  38  3:24  Gateway  
  38  3:28  Gateway  
  38  3:30  Probe  
  38  3:33  Probe  
  40  3:42  Probe  
  40  3:46  Probe  
  42  3:54  Probe  
  43  3:58  Probe  
  43  4:01  Robotics Facility  
  44  4:05  Pylon  
  44  4:07  Probe  
  45  4:10  Probe  
  45  4:15  Shield Battery  
  46  4:20  Stalker x2  
  46  4:24  Forge  
  50  4:32  Probe  
  50  4:33  Protoss Ground Armor Level 1, Probe  
  50  4:38  Nexus  
  52  4:41  Pylon  
  52  4:42  Observer, Charge  
  53  4:56  Gateway  
  53  4:57  Gateway  
  53  5:02  Sentry  
  53  5:03  Gateway  
  53  5:06  Observer  
  55  5:08  Gateway  
  55  5:10  Probe x2  
  58  5:22  Probe  
  58  5:23  Probe  
  60  5:29  Pylon  
  60  5:31  Warp Prism  
  60  5:34  Probe  
  60  5:35  Probe  
  64  5:38  Gateway  
  64  5:40  Gateway  
  64  5:46  Probe  
  64  5:47  Probe  
  65  5:54  Probe  
  66  5:59  Probe  
  66  6:01  Zealot x5  
  66  6:02  Zealot  
  79  6:05  Pylon  
  79  6:06  Probe x2  
  79  6:10  Warp Prism  
  83  6:14  Pylon  
  83  6:19  Pylon  
  83  6:30  Probe  
  83  6:31  Protoss Ground Weapons Level 1  
  80  6:40  Zealot x7  
  80  6:41  Zealot x2  
  98  6:49  Forge  
  98  6:58  Nexus  
  98  7:01  Probe x2, Pylon  
  98  7:02  Probe  
  101  7:13  Probe  
  102  7:17  Zealot x7  
  84  7:38  Zealot x9  
  90  7:47  Warp Prism  
  90  7:49  Probe x3  
  91  8:01  Probe x3  
  91  8:04  Sentry x2  
  91  8:05  Stalker x3  
  98  8:06  Stalker x2  
  98  8:07  Zealot  
  108  8:13  Probe  
  108  8:15  Probe x3  
  112  8:25  Probe  
  112  8:27  Probe  
  114  8:37  Stalker x6  
  114  8:38  Zealot  
  114  8:39  Zealot x2  
  133  8:49  Probe x2  
  135  9:00  Zealot  
  135  9:02  Zealot x6  
Show
View Real Time Build Order
Export as new Build Order

PSiArc Terran 

Build Orders:  

Get SALT Encoding   

  12  0:00  SCV  
  13  0:13  SCV  
  14  0:17  Supply Depot  
  14  0:25  SCV  
  15  0:38  SCV  
  15  0:40  Barracks  
  16  0:43  Refinery  
  16  0:50  SCV  
  17  1:02  SCV  
  18  1:14  SCV  
  19  1:27  Marine  
  19  1:28  Orbital Command  
  20  1:44  Command Center  
  20  1:48  Barracks Reactor  
  20  1:54  SCV  
  20  1:59  Supply Depot  
  21  2:08  SCV  
  22  2:11  Factory  
  22  2:20  SCV  
  23  2:23  Refinery  
  23  2:24  Marine x2  
  25  2:34  SCV  
  26  2:42  Marine x2  
  28  2:48  SCV  
  29  2:55  Factory Tech Lab  
  29  2:57  Starport, Orbital Command  
  29  3:02  Marine x2  
  31  3:11  SCV  
  32  3:16  Siege Tank  
  34  3:22  Marine x2  
  34  3:23  SCV  
  37  3:27  SCV  
  38  3:36  SCV  
  38  3:38  Supply Depot  
  38  3:40  Starport Tech Lab  
  38  3:41  SCV  
  40  3:43  Marine x2  
  41  3:49  SCV  
  41  3:55  SCV  
  41  3:59  Raven  
  41  4:01  SCV  
  44  4:04  Marine x2  
  44  4:07  SCV  
  47  4:13  SCV  
  47  4:16  Supply Depot  
  48  4:18  Siege Tank  
  48  4:19  SCV  
  52  4:25  SCV  
  52  4:28  Supply Depot  
  52  4:31  SCV  
  54  4:36  Marine  
  54  4:37  SCV, Marine  
  56  4:43  SCV  
  56  4:45  Supply Depot  
  57  4:46  Viking  
  57  4:49  SCV  
  60  4:54  Siege Tank  
  60  4:55  SCV  
  60  4:58  Supply Depot  
  64  5:01  SCV  
  65  5:07  SCV  
  65  5:12  Command Center  
  65  5:14  SCV  
  67  5:19  Refinery  
  67  5:21  SCV  
  68  5:29  Barracks  
  68  5:30  Starport Reactor  
  68  5:34  SCV  
  69  5:37  SCV, Factory Reactor  
  69  5:38  Barracks  
  70  5:42  Refinery  
  70  5:49  SCV  
  71  5:50  Marine  
  71  5:51  SCV  
  73  5:58  Engineering Bay  
  73  5:59  Engineering Bay  
  73  6:01  SCV  
  73  6:03  SCV  
  75  6:12  Marauder  
  75  6:13  SCV  
  75  6:16  Medivac x2, Widow Mine x2  
  86  6:19  Supply Depot  
  86  6:21  SCV, Marine x2  
  86  6:24  Orbital Command, Supply Depot x2  
  86  6:25  SCV  
  86  6:33  SCV  
  86  6:38  SCV  
  88  6:40  Marauder x2, Marine  
  88  6:43  Terran Infantry Weapons Level 1, Terran Infantry Armor Level 1  
  93  6:52  Marine  
  93  6:53  Widow Mine x2  
  98  6:54  SCV  
  98  7:00  Barracks x2  
  98  7:01  SCV, Marauder  
  100  7:06  SCV, Orbital Command  
  103  7:13  SCV  
  103  7:15  Marauder  
  106  7:16  Refinery  
  106  7:18  SCV  
  106  7:20  Supply Depot  
  103  7:25  Marauder, SCV  
  89  7:30  SCV, Marine  
  82  7:37  SCV, Marine  
  82  7:38  Marauder  
  82  7:42  SCV  
  77  7:49  SCV  
  77  7:51  Marine  
  74  7:54  SCV  
  73  8:01  SCV  
  72  8:05  Marine  
  72  8:07  Barracks Tech Lab  
  72  8:08  SCV, Barracks Tech Lab  
  72  8:16  Medivac x2, Widow Mine  
  72  8:17  Widow Mine  
  80  8:21  SCV x2  
  80  8:23  Orbital Command  
  82  8:27  Armory  
  82  8:30  Barracks Reactor  
  82  8:33  Barracks Tech Lab  
  82  8:37  SCV, Supply Depot  
  83  8:44  Supply Depot  
  87  8:56  SCV  
Tags
 
Add a new tag
Caveats
  • Supply blocks, unpowered buildings, or Contaminate may cause inaccurate times.
  • Supply counts are checked every 10 seconds.